 Dungeon Crawl Stone Soup version 0.27.1-2-g3b301248ec (webtiles) character file.

Game seed: 4307416852347483506

65 Trumpetguy the Magician (level 3, 0/19 HPs)
             Began as a Deep Elf Air Elementalist on Oct 4, 2021.
             Slain by Natasha (4 damage)
             ... on level 1 of the Dungeon.
             The game lasted 00:23:30 (1779 turns).

Trumpetguy the Magician (Deep Elf Air Elementalist) Turns: 1779, Time: 00:23:31

Health: 0/19       AC:  2    Str:  5    XL:     3   Next: 94%
Magic:  10/10      EV: 12    Int: 20    God:
Gold:   78         SH:  0    Dex: 15    Spells: 9/10 levels left

rFire    . . .     SeeInvis .   e - staff of poison
rCold    . . .     Faith    .   (no shield)
rNeg     . . .     Spirit   .   a - +0 robe
rPois    +         Reflect  .   (no helmet)
rElec    .         Harm     .   (no cloak)
rCorr    .         Rampage  .   (no gloves)
Will     .....                  (no boots)
Stlth    ++........             b - amulet of magic regeneration
HPRegen  0.06/turn              (no ring)
MPRegen  0.37/turn              (no ring)

@: slowed, very slow
A: no striking features
a: no special abilities


You were on level 1 of the Dungeon.
You visited 1 branch of the dungeon, and saw 2 of its levels.

You collected 78 gold pieces.

Inventory:

Hand Weapons
 d - a +0 short sword of venom
Missiles
 f - a throwing net
Armour
 a - a +0 robe (worn)
Magical Staves
 e - a staff of poison (weapon)
Jewellery
 b - an amulet of magic regeneration (around neck)
Scrolls
 c - 2 scrolls of teleportation {unknown}


   Skills:
 + Level 2.5 Dodging
 + Level 2.5 Stealth
 + Level 4.3 Spellcasting
 + Level 1.6 Conjurations
 + Level 4.0 Air Magic


You had 9 spell levels left.
You knew the following spells:

 Your Spells              Type           Power      Damage    Failure   Level
a - Shock                 Conj/Air       60%        1d6       4%          1

Your spell library contained the following spells:

 Spells                   Type           Power      Damage    Failure   Level
 Static Discharge         Conj/Air       15%        N/A       6%          2
 Swiftness                Air            20%        N/A       8%          3
 Airstrike                Air            10%        N/A       24%         4


Dungeon Overview and Level Annotations

Branches:
Dungeon (2/15)

Altars:

Shops:
D:2 [

Annotations:
D:1 Natasha
D:2 3 exclusions


Message History

Press: ? - help, v - describe, . - travel The floor.
Natasha is nearby!
Natasha hisses angrily.
Natasha stares at you and mumbles some strange words.
The magic dart hits you!
Natasha hisses.
Natasha casts a spell at you.
You feel yourself slow down. Natasha casts a spell at you.
You feel as though you will be slow longer.
Natasha stares at you and mumbles some strange words.
You resist with some effort.
Natasha howls an incantation.
You feel disoriented. Natasha claws you. Natasha casts a spell at you.
The magic dart hits you!
* * * LOW HITPOINT WARNING * * *
It was a potion of curing.
You feel better. Natasha barely misses you. Natasha misses you.
Natasha casts a spell at you. You resist with some effort. Natasha claws you!
Natasha claws you but does no damage.
You feel better. Natasha claws you. Natasha casts a spell at you.
The magic dart hits you!
* * * LOW HITPOINT WARNING * * *
Natasha closely misses you. Natasha claws you but does no damage.
Natasha casts a spell at you.
You feel as though you will be slow longer.
There is a stone staircase leading up here.
You can't go down here!
Natasha barely misses you. Natasha closely misses you.
You climb upwards.
There is a stone staircase leading down here.
Natasha claws you.
You die...

#...##..........###
#............†..# #
##.###..........##
#.###...........##
##.............)..#
#..............#...
#.###.........###..
#.####.............
#.@.###.#########..
###h###..# ##.
#.>###.## #.
##..##..# #.
##.###.### ##.
#.###...#####..
#..####...#....
##..# ###......
##.## #..#.#.


You could see Natasha.

Vanquished Creatures
  2 adders (D:2)
  A worm (D:1)
  A dart slug (D:1)
  3 bats (D:1)
  6 endoplasms (D:1)
  2 giant cockroaches (D:1)
  7 goblins
  5 hobgoblins
  A quokka (D:2)
  2 ball pythons
  2 frilled lizards (D:1)
  7 kobolds
  A rat (D:2)
40 creatures vanquished.

Notes
Turn   | Place    | Note
-------+----------+-------------------------------------------
     0 | D:1      | Trumpetguy the Deep Elf Air Elementalist began the quest
                  | for the Orb.
     0 | D:1      | Reached XP level 1. HP: 10/10 MP: 6/6
   274 | D:1      | Reached XP level 2. HP: 15/15 MP: 1/8
   522 | D:1      | Reached XP level 3. HP: 19/19 MP: 6/10
  1433 | D:2      | Found Daataowu's Armour Shop.
  1658 | D:2      | Noticed Natasha
  1779 | D:1      | Slain by Natasha

Illustrated notes

Levels and vault maps discovered:
D:1:      dpeg_arrival_oval, layout_rooms, minmay_tetromino_t2
D:2:      layout_basic, serial_shops, shop, uniq_natasha

Skill      XL: |  1  2  3 |
---------------+----------+-----
Air Magic      | 4 |  4.0
Spellcasting   | 4 |  4.3
Dodging        | |  2.5
Stealth        | |  2.5
Conjurations   | |  1.6

Action                   || total
-------------------------++-------
Melee: Staff             ||     5
 Cast: Shock             ||    97
  Use: Potion            ||     2
Armor: Robe              ||     5
Dodge: Dodged            ||    17
